 Dungeon Crawl Stone Soup version 0.30-a0-311-gf115ab0292 (webtiles) character file.

Game seed: 15977647932443705301

128 GreatBamboolord the Grave Robber (level 4, 0/30 HPs)
             Began as a Vampire Necromancer on Oct 24, 2022.
             Slain by Grinder (3 damage)
             ... on level 3 of the Dungeon on Oct 25, 2022.
             The game lasted 00:06:46 (2803 turns).

GreatBamboolord the Grave Robber (VpNe)             Turns: 2803, Time: 00:06:47

Health: 0/30       AC:  2    Str:  7    XL:     4   Next: 86%
Magic:  8/18       EV: 12    Int: 19    God:
Gold:   168        SH:  0    Dex: 14    Spells: 2/10 levels left

rFire   . . .      SeeInvis +    j - +0 dagger (elec)
rCold   . . .      Faith    .    (no shield)
rNeg    . . .      Spirit   .    a - +0 robe
rPois   .          Reflect  .    (no helmet)
rElec   .          Harm     .    (no cloak)
rCorr   .          Rampage  .    (no gloves)
Will    .....                    (no boots)
Stlth   ++........               (no amulet)
HPRegen 0.45/turn                d - ring of magical power
MPRegen 0.16/turn                (no ring)

@: healing quickly
A: alive, fangs 3, see invisible, vampiric 2
a: Exsanguinate


You were on level 3 of the Dungeon.
You visited 1 branch of the dungeon, and saw 3 of its levels.

You collected 168 gold pieces.

Inventory:

Hand Weapons
 j - a +0 dagger of electrocution (weapon)
Armour
 a - a +0 robe (worn)
Jewellery
 c - a ring of fire
 d - a ring of magical power (left hand)
Wands
 r - a wand of charming (5)
Scrolls
 b - a scroll of immolation
 e - 2 scrolls of brand weapon
 k - a scroll of fear
 l - a scroll of blinking {unknown}
 n - a scroll of fog {unknown}
 p - a scroll of vulnerability {unknown}
 q - a scroll of teleportation {unknown}
Potions
 g - a potion of attraction
 h - a potion of lignification
 i - a potion of degeneration {unknown}
 m - a potion of flight {unknown}
 o - a potion of berserk rage {unknown}


   Skills:
 * Level 0.4 Short Blades
 * Level 2.3 Dodging
 + Level 3.1 Stealth
 * Level 3.5 Spellcasting
 * Level 5.6 Necromancy


You had 2 spell levels left.
You knew the following spells:

 Your Spells              Type           Power      Damage    Failure   Level
a - Necrotise             Necr           96%        1d8       1%          1
b - Vampiric Draining     Necr           24%        2d7       4%          3
c - Animate Dead          Necr           24%        N/A       14%         4

Your spell library contained the following spells:

 Spells                   Type           Power      Damage    Failure   Level
 Magic Dart               Conj           12%        1d3       14%         1
 Sandblast                Erth           6%         2d5       14%         1
 Call Imp                 Summ           3%         N/A       22%         2
 Passwall                 Tmut/Erth      2%         N/A       22%         2
 Agony                    Necr           24%        N/A       36%         5
 Mephitic Cloud           Conj/Pois/Air  3%         N/A       41%         3
 Stone Arrow              Conj/Erth      6%         3d7       41%         3


Dungeon Overview and Level Annotations

Branches:
Dungeon (3/15)

Altars:
Trog

Annotations:
D:3 Grinder


Innate Abilities, Weirdness & Mutations

Your natural rate of healing is accelerated.
You have razor-sharp teeth.
You have supernaturally acute eyesight. (SInv)
You are afflicted with vampirism and can become a bat while bloodless.


Message History

Your kobold skeleton hits Grinder but does no damage.
Aiming: Necrotise (safe; 1% risk of failure)
Press: ? - help, Q - select action, (/) - cycle Shift-Dir - straight line, f - gnoll sergeant
Aim: a gnoll sergeant, wielding a +0 spear and wearing a +0 ring mail (chance to affect: 83%)
The gnoll sergeant writhes in agony.
The gnoll sergeant hits you with a +0 spear!
Grinder misses you.
Your kobold skeleton misses Grinder.
Casting: Necrotise (safe; 1% risk of failure)
Confirm with . or Enter, or press ? or * to list all spells.
Aiming: Vampiric Draining (dangerous; 4% risk of failure)
Press: ? - help, Shift-Dir - straight line, f/p - gnoll sergeant
Aim: a gnoll sergeant, wielding a +0 spear and wearing a +0 ring mail (moderately wounded)
You draw life force from the gnoll sergeant!
You feel life coursing into your body.
The gnoll sergeant hits you with a +0 spear!
Grinder gestures at you. Pain shoots through your body!
* * * LOW HITPOINT WARNING * * *
Casting: Vampiric Draining (dangerous; 4% risk of failure)
Confirm with . or Enter, or press ? or * to list all spells.
Aiming: Vampiric Draining (dangerous; 4% risk of failure)
Press: ? - help, Shift-Dir - straight line, f/p - gnoll sergeant
Aim: a gnoll sergeant, wielding a +0 spear and wearing a +0 ring mail (severely wounded)
You draw life force from the gnoll sergeant!
You feel life coursing into your body. The gnoll sergeant misses you.
Grinder gestures at you. Pain shoots through your body!
* * * LOW HITPOINT WARNING * * *
Your kobold skeleton closely misses Grinder.
Casting: Vampiric Draining (dangerous; 4% risk of failure)
Confirm with . or Enter, or press ? or * to list all spells.
Aiming: Vampiric Draining (dangerous; 4% risk of failure)
Press: ? - help, Shift-Dir - straight line, f/p - gnoll sergeant
Aim: a gnoll sergeant, wielding a +0 spear and wearing a +0 ring mail (almost dead)
You draw life force from the gnoll sergeant!
You kill the gnoll sergeant!
You feel life coursing into your body. Grinder hits you.
* * * LOW HITPOINT WARNING * * *
You writhe in agony.
You die...

##.. ##.
## # ####
#.)# #@#
#5## #Z.#
##.# #.#
#.# #.#
#.## ####
#..###..#


You could see Grinder (ally target) and a friendly kobold skeleton.

Vanquished Creatures
  A gnoll sergeant (D:3)
  Ijyb (D:3)
  3 adders
  2 dart slugs
  6 endoplasms
  4 giant cockroaches
  6 goblins
  6 hobgoblins
  4 jackals (D:3)
  A quokka (D:2)
  4 ball pythons
  3 bats
  2 frilled lizards
  5 kobolds
  7 rats
55 creatures vanquished.

Vanquished Creatures (collateral kills)
  An adder (D:2)
  A goblin (D:1)
  A kobold (D:2)
  A rat (D:1)
4 creatures vanquished.

Grand Total: 59 creatures vanquished

Notes
Turn   | Place    | Note
-------+----------+-------------------------------------------
     0 | D:1      | GreatBamboolord the Vampire Necromancer began the quest for
                  | the Orb.
     0 | D:1      | Reached XP level 1. HP: 13/13 MP: 3/3
     0 | D:1      | Upgraded the game from 0.30-a0-305-g026cb31310 to
                  | 0.30-a0-311-gf115ab0292
   174 | D:1      | Reached XP level 2. HP: 19/19 MP: 0/5
   272 | D:1      | You fall into a shaft and drop 1 floor!
   291 | D:2      | Reached skill level 5 in Necromancy
   563 | D:2      | Gained mutation: You are afflicted with vampirism and can
                  | become a bat while bloodless. [Vampire growth]
   563 | D:2      | Reached XP level 3. HP: 24/24 MP: 4/6
  1195 | D:2      | Learned a level 3 spell: Vampiric Draining
  1635 | D:1      | Reached XP level 4. HP: 30/30 MP: 8/8
  2054 | D:3      | Found a bloodstained altar of Trog.
  2116 | D:3      | Found a faded altar of an unknown god.
  2407 | D:3      | Noticed Ijyb
  2413 | D:3      | Killed Ijyb
  2499 | D:3      | Learned a level 4 spell: Animate Dead
  2790 | D:3      | Noticed Grinder
  2798 | D:3      | Noticed a gnoll sergeant
  2803 | D:3      | Killed a gnoll sergeant
  2803 | D:3      | Slain by Grinder

Illustrated notes

Levels and vault maps discovered:
D:1:      dpeg_arrival_rooms_b, layout_loops_ring, minivault_27
D:2:      layout_loops_ring, grunt_ministairs_9, hangedman_decor_slide_cut
D:3:      layout_loops_corners, mainiacjoe_overflow_six_doors_small,
          nicolae_hepliaklqana_hippocampus, hellmonk_ecumenical_altar_run_dry,
          goddamned_bats, uniq_ijyb, uniq_grinder

Skill      XL: |  1  2  3  4 |
---------------+-------------+-----
Necromancy     | 5 |  5.6
Spellcasting   | 3 |  3.5
Short Blades   | |  0.4
Dodging        | |  2.3
Stealth        | |  3.1

Action                   |  1- 3 |  4- 6 || total
-------------------------+-------+-------++-------
Melee: Unarmed           |     4 |       ||     4
       Dagger            |     5 |     3 ||     8
 Cast: Necrotise         |    55 |    39 ||    94
       Vampiric Draining |       |     3 ||     3
  Use: Potion            |     2 |       ||     2
       Scroll            |       |     6 ||     6
 Stab: Sleeping          |     1 |       ||     1
Armor: Robe              |     5 |       ||     5
Dodge: Dodged            |     8 |     8 ||    16

Table legend: (Time is in decaauts)
 A = Elapsed time spent in this place.
 B = Non-inter-level travel time spent in this place.
 C = Inter-level travel time spent in this place.
 D = Time resting spent in this place.
 E = Time spent auto-exploring this place.
 F = Levels seen in this place.
 G = Mean time per level.
                   A        B        C        D        E       F      G
               +--------+--------+--------+--------+--------+-----+--------+
         Total |   2802 |   2678 |    124 |     37 |   2319 |   3 |  934.0 |
       Dungeon |   2802 |   2678 |    124 |     37 |   2319 |   3 |  934.0 |
               +--------+--------+--------+--------+--------+-----+--------+

Top non-repeatable levels by time:
     D:2: 1030 daAuts
     D:1: 987 daAuts
     D:3: 784 daAuts
